AoeStats
← ACI Paradoja

MegaRandom

510408312Analyzed
4v4 RM · 2d ago on Sep 30, 2026· 37m 34s· 8 players
Game mode
Random Map
Map size
Large (8 player)
Population
200
Speed
Normal
Resources
Standard
Victory
Conquest
Starting age
Dark Age
Ending age
Imperial Age
RankedLock teamsTeams togetherTeam positionsShared explorationLock speedFull tech treeHidden civsTurbo modeCheats
Victory
Defeat
🇩🇪 Mongols · Germany
1251
+15
🇺🇸 Italians · United States
1238
+15
🇲🇽 Magyars · Mexico
1235
+15
🇸🇰 Burgundians · Slovakia
1223
+16
🇨🇴 Varangians · Colombia
1257
-17
🇲🇽 Wei · Mexico
1214
-15
🇧🇷 Koreans · Brazil
1208
-15
🇦🇷 Tupi · Argentina
1189
-14
MoonlightS96
14:27 Feudal Age
14:49 Loom
14:52 Double-Bit Axe
14:49 Fishing Lines
16:50 Horse Collar
20:07 Castle Age
19:38 Stone Mining
20:38 Fletching
21:16 Bow Saw
22:53 Town Watch
31:16 Imperial Age
29:31 Wheelbarrow
28:42 Loom
29:59 Ballistics
29:20 Treadmill Crane
29:50 Masonry
29:40 Bodkin Arrow
29:45 Padded Archer Armor
30:15 Scale Mail Armor
30:37 Gillnets
30:51 Gold Mining
31:24 Leather Archer Armor
31:26 Murder Holes
32:53 Hand Cart
33:26 Bracer
34:28 Chemistry
34:11 Conscription
34:30 Town Patrol
35:49 Two-Man Saw
34:52 Heavy Plow
35:53 Ring Archer Armor
ACI Paradoja
12:39 Feudal Age
14:47 Scale Barding Armor
15:04 Double-Bit Axe
18:12 Castle Age
16:35 Gold Mining
16:32 Horse Collar
17:58 Bloodlines
18:59 Husbandry
23:32 Loom
24:23 Wheelbarrow
23:36 Loom
27:51 Bow Saw
32:29 Heavy Plow
32:18 Town Watch
33:19 Gold Shaft Mining
34:00 Chain Barding Armor
34:05 Town Patrol
39:10 Imperial Age
Vodilaa
6:01 Double-Bit Axe
10:21 Loom
12:38 Feudal Age
17:32 Castle Age
17:28 Bow Saw
21:31 Husbandry
23:30 Cavalier
24:34 Gold Mining
24:31 Horse Collar
27:25 Two-Man Saw
27:38 Scale Barding Armor
28:50 Gold Shaft Mining
29:12 Heavy Plow
29:17 Stone Mining
30:10 Chain Barding Armor
31:37 Stone Shaft Mining
32:55 Forging
36:43 Imperial Age
36:19 Iron Casting
37:37 Wheelbarrow
38:05 Burgundian Vineyards
BondTrustee
7:31 Loom
10:02 Feudal Age
11:05 Double-Bit Axe
11:27 Horse Collar
19:42 Wheelbarrow
19:37 Scale Barding Armor
20:08 Bloodlines
24:24 Castle Age
23:45 Fletching
25:07 Bodkin Arrow
25:16 Husbandry
24:37 Light Cavalry
26:28 Bow Saw
26:57 Forging
27:23 Padded Archer Armor
29:21 Leather Archer Armor
29:07 Gold Mining
30:40 Ballistics
30:17 Murder Holes
32:47 Heavy Plow
33:36 Chain Barding Armor
36:03 Iron Casting
MERA_Varalaukar
6:03 Loom
11:24 Feudal Age
11:50 Double-Bit Axe
15:08 Forging
18:07 Horse Collar
22:27 Castle Age
20:42 Gold Mining
21:45 Bloodlines
22:29 Stone Mining
23:07 Scale Barding Armor
23:29 Bow Saw
23:30 Heavy Plow
23:46 Husbandry
24:53 Wheelbarrow
29:51 Hand Cart
30:55 Chain Barding Armor
31:32 Iron Casting
jaimeerp
7:52 Loom
10:20 Feudal Age
10:49 Double-Bit Axe
15:10 Bloodlines
24:04 Castle Age
22:43 Forging
23:03 Scale Barding Armor
27:51 Iron Casting
28:44 Husbandry
30:20 Chain Barding Armor
32:29 Gold Mining
Atos 4:12 | João 14:6
2:57 Loom
11:02 Feudal Age
11:39 Double-Bit Axe
11:36 Horse Collar
14:41 Wheelbarrow
19:15 Town Watch
24:28 Castle Age
22:34 Gold Mining
22:34 Stone Mining
25:31 Bow Saw
25:27 Heavy Plow
26:08 Fletching
30:08 Bodkin Arrow
35:27 Husbandry
39:41 Imperial Age
38:00 Ballistics
Oso Táctico
7:28 Loom
10:51 Feudal Age
11:27 Double-Bit Axe
14:30 Fletching
14:40 Padded Archer Armor
23:21 Horse Collar
23:34 Gold Mining
23:36 Stone Mining
26:49 Castle Age
26:55 Pikeman
27:58 Scale Mail Armor
28:08 Forging
29:14 Squires
29:14 Elite Skirmisher
33:54 Padded Archer Armor
Connection lost

Rejoining the realm…

Still unreachable

The connection could not be restored.

Session expired

The server has moved on; the page needs a fresh start.